cohdb
Replays
Latest Replays
All Replays
Popular Replays
Top Player Replays
Match Explorer
How It Works
Community
CoH3 Stats
Reddit
Sign in to upload your games and track your stats! →
Sign in with Steam
Match 41593059
Unlisted
Match 41593059
Overview
Messages
Build Orders
End
Panzerpioneer Squad
Kradschützen Motorcycle Team
Panzerpioneer Squad
Panzerpioneer Squad
Construct Light Support Kompanie
2.5-tonne Medical Truck
MG34 Team
Assault Mechanized Group
Fire Support Elements
Pak 38 Anti-tank Gun Team
Selects Italian Combined Arms Battlegroup
Selects Semovente da 75/18 Assault Gun
Selects Strafing Run
Construct Panzerarmee Kommand
Selects Artillery Cover
Flak 36 Anti-tank Gun Team
Strafing Run
le.IG 18 Mechanized Group
Panzer III L Medium Tank
Combat Half-tracks
Armored Reserves
Strafing Run
Panzer IV Assault Group
Walking Stuka Rocket Launcher
Emergency Repair Kits
Selects Bersaglieri Squad
Selects Vehicle Support - Secure Location
Selects Vehicle Support - Force Recon
Strafing Run
Panzer IV Assault Group
UH|dun! ツ
Gnasher
BananaBrain
Braz
BustRobot
Sieg oder Sibirien
0
0
Comments
sign in to comment!
No comments posted yet!